 Dungeon Crawl Stone Soup version 0.30.1-11-g7821555f0a (webtiles) character file.

Game seed: 16992843132373932089

416 fireball365 the Chopper (level 6, 0/55 HPs)
             Began as a Hill Orc Fighter on Dec 11, 2023.
             Constricted to death by a ball python (1 damage)
             ... in a sewer.
             The game lasted 00:07:21 (2465 turns).

fireball365 the Chopper (Hill Orc Fighter)          Turns: 2465, Time: 00:07:22

Health: 0/55       AC:  7    Str: 21    XL:     6   Next: 92%
Magic:  6/6        EV:  6    Int:  8    God:
Gold:   155        SH:  4    Dex: 10    Spells: 5/5 levels left

rFire   . . .        a - +0 war axe (heavy)
rCold   . . .        c - +0 buckler
rNeg    + + .        b - +0 scale mail
rPois   .            (no helmet)
rElec   .            (no cloak)
rCorr   .            (no gloves)
SInv    .            (no boots)
Will    .....        (no amulet) Stlth
                     f - ring of positive energy
HPRegen 0.29/turn    q - ring of positive energy
MPRegen 0.10/turn

%: clarity
@: brilliant, constricted, very slow
A: clarity
a: no special abilities


You were in a sewer.
You visited 1 branch of the dungeon, and saw 3 of its levels.
You also visited: Sewer.

You collected 155 gold pieces.

Inventory:

Hand Weapons
 a - a +0 heavy war axe (weapon)
Armour
 b - a +0 scale mail (worn)
 c - a +0 buckler (worn)
 k - a +0 helmet
Jewellery
 f - a ring of positive energy (left hand)
 q - a ring of positive energy (right hand)
Scrolls
 j - a scroll of summoning {unknown}
 n - a scroll of enchant weapon {unknown}
 o - a scroll of vulnerability {unknown}
 p - a scroll of magic mapping {unknown}
Potions
 d - 2 potions of might
 e - 2 potions of haste
 g - a potion of degeneration {unknown}
 h - a potion of mutation
 i - a potion of brilliance
 l - a potion of lignification {unknown}
 m - 2 potions of curing {unknown}
 r - a potion of cancellation {unknown}
 s - a potion of magic {unknown}


   Skills:
 + Level 4.9 Fighting
 + Level 6.1 Axes
 + Level 5.0 Armour
 + Level 0.8 Dodging
 + Level 4.3 Shields


You had 5 spell levels left.
You didn't know any spells.
Your spell library was empty.

Dungeon Overview and Level Annotations

Branches:
Dungeon (3/15)              Sewer (1/1)

Altars:


Innate Abilities, Weirdness & Mutations

You possess an exceptional clarity of mind.


Message History

The ball python constricts you.
Your unstable footing causes you to fumble your attack.
The bullfrog barely misses you. You block the adder's attack.
The ball python bites you but does no damage.
The ball python constricts you. The bullfrog hits you.
You block the frilled lizard's attack. The frilled lizard barely misses you.
The adder bites you but does no damage.
The ball python bites you but does no damage.
The ball python constricts you. The bullfrog hits you!
* * * LOW HITPOINT WARNING * * *
You block the frilled lizard's attack. The frilled lizard closely misses you.
Your unstable footing causes you to fumble your attack.
The adder bites you.
* * * LOW HITPOINT WARNING * * *
The bullfrog hits you.
* * * LOW HITPOINT WARNING * * *
The ball python bites you but does no damage.
The ball python constricts you. You block the adder's attack.
The frilled lizard bites you but does no damage.
The frilled lizard closely misses you.
The bullfrog hits you but does no damage.
The ball python barely misses you. The ball python constricts you.
* * * LOW HITPOINT WARNING * * *
The adder barely misses you.
It was a potion of mutation.
You feel extremely strange.
Your thoughts seem clearer.
The bullfrog hits you.
* * * LOW HITPOINT WARNING * * *
The frilled lizard barely misses you.
The frilled lizard bites you but does no damage.
You block the ball python's attack. The ball python constricts you.
* * * LOW HITPOINT WARNING * * *
The adder completely misses you. The bullfrog hits you.
* * * LOW HITPOINT WARNING * * *
It was a potion of brilliance.
You feel clever all of a sudden.
The frilled lizard bites you but does no damage.
The frilled lizard barely misses you. You block the bullfrog's attack.
The ball python barely misses you. The ball python constricts you.
You die...

≈≈~~††#
#≈~~~≈≈#
≈≈≈≈††#
#≈~~~≈≈#
≈≈≈~~~#
#≈≈~~≈≈#
≈.~.~##
#≈≈≈~≈~#
.....≈#
#≈≈~≈~~#
≈.~..##
#≈≈≈≈.~#
~~≈~≈≈#
#≈≈≈≈.≈#
~~~~≈≈#
#≈≈F#†≈#
≈~~~~≈#
#≈~S@#≈#
≈≈≈~~≈#
#≈~Sll≈#
≈≈≈≈~≈#
#≈~~≈~≈#
≈≈≈~~~#
#≈~~~≈~#
≈≈≈≈~~#
#~~≈~≈≈#
#~..~##
#...~~.#
......#
#......#
.....##
#......#
.....#


You could see a bullfrog, an adder, a ball python and 2 frilled lizards.

Vanquished Creatures
  Sigmund (D:2)
  A bullfrog (Sewer)
  4 river rats (Sewer)
  8 adders
  A worm (D:2)
  2 dart slugs
  12 ball pythons
  6 endoplasms
  3 giant cockroaches
  3 hobgoblins
  A quokka (D:3)
  6 bats
  5 frilled lizards
  2 goblins (D:2)
  5 kobolds
  35 rats
95 creatures vanquished.

Notes
Turn   | Place    | Note
-------+----------+-------------------------------------------
     0 | D:1      | fireball365 the Hill Orc Fighter began the quest for the
                  | Orb.
     0 | D:1      | Reached XP level 1. HP: 19/19 MP: 1/1
    95 | D:1      | Reached XP level 2. HP: 26/27 MP: 2/2
   218 | D:1      | Found a faded altar of an unknown god.
   586 | D:2      | Reached skill level 3 in Axes
   677 | D:2      | Reached XP level 3. HP: 33/33 MP: 3/3
   714 | D:2      | Noticed Sigmund
   729 | D:2      | Killed Sigmund
   730 | D:2      | Reached skill level 4 in Axes
   730 | D:2      | Reached XP level 4. HP: 19/41 MP: 4/4
   730 | D:2      | Reached XP level 5. HP: 22/47 MP: 5/5
   837 | D:2      | Reached skill level 5 in Axes
  1823 | D:3      | Reached XP level 6. HP: 53/53 MP: 6/6
  1964 | D:3      | Found a glowing drain.
  1969 | Sewer    | Entered a sewer
  2461 | Sewer    | Reached skill level 6 in Axes
  2461 | Sewer    | Reached skill level 5 in Armour
  2464 | Sewer    | Gained mutation: You possess an exceptional clarity of
                  | mind. [potion of mutation]
  2464 | Sewer    | HP: 1/55 [bullfrog (4)]
  2465 | Sewer    | Constricted to death by a ball python

Illustrated notes

Levels and vault maps discovered:
D:1:      spicycebolla_green_bress_n_ham, layout_rooms,
          chequers_ecumenical_altar_island
D:2:      layout_loops_ring, serial_rivers, chequers_serial_rivers_micro_d,
          chequers_serial_rivers_room_a, chequers_serial_rivers_small_b,
          chequers_serial_rivers_small_3, uniq_sigmund
D:3:      layout_basic, gup_sewer_entry_bowl
Sewer:    sewer_minmay_w

Skill      XL: |  1  2  3  4  5  6 |
---------------+-------------------+-----
Axes           | 3 4 5 6 |  6.1
Fighting       | 4 |  4.9
Armour         | 4 5 |  5.0
Shields        | 4 |  4.3
Dodging        | |  0.8

Action                     |  1- 3 |  4- 6 || total
---------------------------+-------+-------++-------
  Melee: War axe           |    39 |   156 ||   195
    Use: Scroll            |       |     6 ||     6
         Potion            |       |     2 ||     2
 Armour: Scale mail        |    19 |   181 ||   200
  Dodge: Dodged            |    21 |   179 ||   200
  Block: Buckler           |     4 |    86 ||    90
